 Dungeon Crawl Stone Soup version 0.20.0-15-g7f486f2 (webtiles) character file.

37 Zachthehappycat the Charlatan (level 3, 0/18 HPs)
             Began as a Spriggan Artificer on June 30, 2017.
             Slain by a bat (1 damage)
             ... on level 3 of the Dungeon.
             The game lasted 00:09:47 (2266 turns).

Zachthehappycat the Charlatan (Spriggan Artificer)  Turns: 2266, Time: 00:09:49

Health: 0/18       AC:  2    Str:  8    XL:     3   Next: 21%
Magic:  7/7        EV: 19    Int: 12    God:
Gold:   98         SH:  0    Dex: 17    Spells: 2/2 levels left

rFire    . . .     SeeInvis +   a - +1 short sword
rCold    . . .     Gourm    .   (shield restricted)
rNeg     . . .     Faith    .   b - +0 robe
rPois    .         Spirit   .   (helmet restricted)
rElec    .         Reflect  .   (no cloak)
rCorr    .         Harm     .   (gloves unavailable)
MR       .....                  (boots unavailable)
Stlth    ++........             (no amulet)
Regen    0.1/turn               (no ring)
MPRegen  0.1/turn               (no ring)

@: very quick
A: unfitting armour, see invisible, herbivore 3, speed 3, slow metabolism 2
a: no special abilities


You were on level 3 of the Dungeon.
You were not hungry.

You visited 1 branch of the dungeon, and saw 3 of its levels.

You collected 98 gold pieces.

Inventory:

Hand Weapons
 a - a +1 short sword (weapon)
 s - a +0 hunting sling
Missiles
 g - 32 sling bullets
 k - 18 arrows
Armour
 b - a +0 robe (worn)
Wands
 c - a wand of flame (15/48)
 d - a wand of enslavement (15/24)
 e - a wand of random effects (15/48)
Scrolls
 j - a scroll of teleportation {unknown}
 m - 3 scrolls of identify {unknown}
 q - 3 scrolls of remove curse {unknown}
 u - a scroll of recharging {unknown}
 v - a scroll of random uselessness {unknown}
 w - a scroll of fog {unknown}
 x - a scroll of noise {unknown}
Potions
 h - a potion of haste {unknown}
 l - a potion of resistance {unknown}
 n - a potion of flight {unknown}
 o - a potion of heal wounds {unknown}
 r - a potion of agility {unknown}
Comestibles
 f - 2 bread rations (quivered)
 i - 9 fruits
 t - a royal jelly


   Skills:
 + Level 1.2 Fighting
 + Level 2.0 Short Blades
 + Level 3.5 Dodging
 + Level 2.1 Stealth
 + Level 4.5 Evocations


You had 2 spell levels left.
You didn't know any spells.

Dungeon Overview and Level Annotations

Branches:
Dungeon (3/15)

Altars:

Annotations:
D:3 Zachthehappycat's ghost, amateur FoAK


Innate Abilities, Weirdness & Mutations

You are very small and have problems with some larger weapons.
You are too small for most types of armour.
You have supernaturally acute eyesight. (SInv)
You are a herbivore.
You cover ground extremely quickly.
You need consume almost no food.


Message History

The bat closely misses you.
Found 15 gold pieces.
Zachthehappycat's ghost completely misses you.
The bat barely misses you.
Zachthehappycat's ghost closely misses you.
The bat completely misses you. The bat misses you.
The bat hits you but does no damage.
You barely miss the bat. The bat completely misses you.
The bat closely misses you. The bat closely misses you.
You barely miss the bat. The bat completely misses you. The bat hits you.
* * * LOW HITPOINT WARNING * * *
The bat closely misses you. The bat hits you but does no damage.
You miss the bat. The bat hits you.
* * * LOW HITPOINT WARNING * * *
The bat hits you.
You die...

..≈P....≈..≈≈≈P≈≈≈≈≈≈
.......[.....≈≈≈P≈≈≈≈
#######.##....≈≈.≈≈≈≈
#.####.....≈.≈≈ #.#
#...#..(.. #.#
#.#.#.##.. ..#
#.#.#.# $ ### #.W...#
.# #..b@.#..#
#%#.#..#... #.#.....#
#.##..#...#
#<....###.# ######.#
# #.# ##


You could see Zachthehappycat's ghost and a bat.

Vanquished Creatures
  2 dart slugs
  7 bats
  3 giant cockroaches
  3 hobgoblins
  3 frilled lizards
  3 goblins (D:1)
  6 kobolds
  10 rats
37 creatures vanquished.

Notes
Turn   | Place    | Note
-------+----------+-------------------------------------------
     0 | D:1      | Zachthehappycat the Spriggan Artificer began the quest for the Orb.
     0 | D:1      | Reached XP level 1. HP: 9/9 MP: 4/4
   122 | D:1      | Reached skill level 1 in Fighting
   424 | D:1      | Reached XP level 2. HP: 13/14 MP: 6/6
  1427 | D:2      | Reached XP level 3. HP: 12/18 MP: 7/7
  2233 | D:3      | Noticed Zachthehappycat's ghost (amateur FoAK)
  2266 | D:3      | Slain by a bat

Skill      XL: |  1  2  3 |
---------------+----------+-----
Fighting       | 1 |  1.2
Stealth        | 2 |  2.1
Short Blades   | 2 |  2.0
Dodging        | |  3.5
Evocations     | |  4.5

Action                   || total
-------------------------++-------
Melee: Short sword       ||   138
 Fire: Hunting sling     ||     2
  Use: Scroll            ||     1
 Stab: Sleeping          ||     4
Armor: Robe              ||    19
Dodge: Dodged            ||   136
